 Dungeon Crawl Stone Soup version 0.26-b1-32-g5d43845318 (webtiles) character file.

Game seed: 18353351146685542909

123522 night the Gelid (level 16, -29/117 HPs)
             Began as a Merfolk Ice Elementalist on Jan 12, 2021.
             Was a High Priest of Vehumet.
             Killed from afar by a bog body (35 damage)
             ... with a bolt of cold
             ... on level 1 of the Swamp.
             The game lasted 03:17:30 (48201 turns).

night the Gelid (Merfolk Ice Elementalist)         Turns: 48201, Time: 03:17:30

Health: -29/117    AC: 19    Str: 15    XL:     16   Next: 90%
Magic:  21/33      EV: 16    Int: 19    God:    Vehumet [*****.]
Gold:   3897       SH:  7    Dex: 15    Spells: 17/42 levels left

rFire    + . .     SeeInvis +   G - +9 morningstar "Goinlit" {elec, *Corrode +Blink +Inv rPois}
rCold    . . .     Faith    +   r - +2 buckler
rNeg     . . .     Spirit   .   B - +0 steam dragon scales
rPois    +         Reflect  .   K - +2 hat {SInv}
rElec    +         Harm     .   f - +1 cloak
rCorr    .         Rampage  .   C - +3 pair of gloves "Caidoah" {rElec}
Will     ++...                  (boots currently unavailable)
Stlth    +++.......             b - amulet of faith
HPRegen  0.29/turn              i - ring "Noimiv" {rF+ Will+ Str+7}
MPRegen  0.23/turn              v - +4 ring of protection

@: icy armour, about to teleport, corroded, studying Slings, very quick
A: change form in water, swift swim, stealthy swim, frail 1, weak 1
a: Renounce Religion, Evoke Blink, Evoke Invisibility


You were on level 1 of the Swamp.
You worshipped Vehumet.
Vehumet was extremely pleased with you.
You visited 6 branches of the dungeon, and saw 26 of its levels.
You also visited: Bailey, Gauntlet and Ice Cave.

You collected 4486 gold pieces.
You spent 589 gold pieces at shops.

Inventory:

Hand Weapons
 t - the +4 broad axe "Waycaw" {speed, *Contam Str+4 Int+2}
   (You bought it in a shop on level 2 of the Orcish Mines)

   Attacks with this weapon are significantly faster.
   It affects your strength (+4).
   It affects your intelligence (+2).
   It causes magical contamination when unequipped.
 y - a +2 trident of protection
 z - the +3 scimitar of Strategic Superiority {vorpal, Will- Str+4 Int+4}
   (You found it on level 4 of the Dungeon)

   It inflicts extra damage upon your enemies.
   It affects your strength (+4).
   It affects your intelligence (+4).
   It affects your willpower, your defense against some magical effects.
 G - the +9 morningstar "Goinlit" (weapon) {elec, *Corrode +Blink +Inv rPois}
   (You found it on level 4 of the Lair of Beasts)

   Occasionally, upon striking a foe, it can discharge electrical energy and
   cause terrible harm.
   It protects you from poison.
   It lets you turn invisible.
   It lets you blink.
   It may corrode you when you take damage.
Missiles
 e - 76 boomerangs (quivered)
 h - 4 throwing nets
 m - 5 curare-tipped darts
 N - 17 silver javelins
Armour
 f - a +1 cloak (worn)
 q - a +0 leather armour of poison resistance
 r - a +2 buckler (worn)
 x - a +2 pair of boots (melded)
 B - +0 steam dragon scales (worn)
 C - the +3 pair of gloves "Caidoah" (worn) {rElec}
   (You found it in a Gauntlet)

   It insulates you from electricity.
 K - a +2 hat of see invisible (worn)
Magical Staves
 S - an uncursed staff of conjuration
 W - an uncursed staff of cold
Jewellery
 b - an amulet of faith (around neck)
 i - the ring "Noimiv" (left hand) {rF+ Will+ Str+7}
   (You took it off a minotaur in a Gauntlet)

   [ring of willpower]

   It affects your strength (+7).
   It protects you from fire.
   It affects your willpower, your defense against some magical effects.
 k - an uncursed amulet of magic regeneration
 p - an uncursed ring of protection from fire
 v - a +4 ring of protection (right hand)
 D - an uncursed amulet of regeneration
 F - an uncursed ring of flight
 L - an uncursed ring of resist corrosion
 M - an uncursed ring of willpower
 T - the amulet "Diguem" {Acrobat +Blink rF+ rC-}
   (You found it on level 1 of the Lair of Beasts)

   [amulet of the acrobat]

   It helps you evade while moving and waiting.
   It protects you from fire.
   It makes you vulnerable to cold.
   It lets you blink.
 U - an uncursed ring of protection from cold
 Y - an uncursed amulet of reflection
Wands
 n - a wand of iceblast (7)
 R - a wand of acid (4)
 Z - a wand of digging (6)
Scrolls
 a - 5 scrolls of identify
 l - 7 scrolls of fog
 s - 3 scrolls of fear
 u - a scroll of blinking
 w - 15 scrolls of remove curse
 E - 3 scrolls of teleportation
 I - a scroll of magic mapping
Potions
 c - 3 potions of magic
 d - 2 potions of haste
 g - a potion of attraction {unknown}
 o - 4 potions of lignification
 H - 5 potions of cancellation
 J - 3 potions of berserk rage
 O - a potion of might
 P - 5 potions of brilliance
 Q - 5 potions of curing
Books
 V - a manual of Slings
Miscellaneous
 j - a box of beasts
 A - a tin of tremorstones (2/2)
 X - a phantom mirror


   Skills:
 - Level 13.5 Fighting
 + Level 0.2 Maces & Flails
 - Level 14.0 Polearms
 - Level 2.6 Dodging
 - Level 2.1 Stealth
 - Level 4.0 Shields
 - Level 13.5 Spellcasting
 - Level 11.6 Conjurations
 - Level 2.0 Summonings
 - Level 15.1 Ice Magic
 - Level 2.0 Air Magic


You had 17 spell levels left.
You knew the following spells:

 Your Spells              Type           Power        Failure   Level
a - Freeze                Ice            100%         0%          1
b - Frozen Ramparts       Ice            100%         1%          3
c - Ozocubu's Armour      Ice            63%          1%          3
d - Summon Ice Beast      Ice/Summ       45%          1%          4
e - Hailstorm             Conj/Ice       59%          1%          4
f - Iskenderun's Mystic   Conj/Tloc      34%          1%          4
g - Freezing Cloud        Conj/Ice/Air   24%          4%          6

Your spell library contained the following spells:

 Spells                   Type           Power        Failure   Level
 Eringya's Noxious Bog    Tmut/Pois      6%           86%         6
 Magic Dart               Conj           100%         1%          1
 Sandblast                Erth           24%          1%          1
 Conjure Flame            Conj/Fire      34%          1%          3
 Mephitic Cloud           Conj/Pois/Air  30%          1%          3
 Stone Arrow              Conj/Erth      68%          1%          3
 Call Imp                 Summ           20%          3%          2
 Fireball                 Conj/Fire      17%          3%          5
 Irradiate                Conj/Tmut      17%          3%          5
 Inner Flame              Hex/Fire       12%          4%          3
 Animate Skeleton         Necr           24%          5%          1
 Corona                   Hex            13%          5%          1
 Pain                     Necr           48%          5%          1
 Poisonous Vapours        Pois/Air       32%          5%          2
 Blink                    Tloc           N/A          8%          2
 Passwall                 Tmut/Erth      10%          8%          2
 Slow                     Hex            12%          8%          2
 Sublimation of Blood     Necr           6%           8%          2
 Portal Projectile        Hex/Tloc       24%          16%         3
 Vampiric Draining        Necr           6%           16%         3
 Lee's Rapid Deconstruct  Erth           6%           34%         5
 Simulacrum               Ice/Necr       20%          34%         6
 Animate Dead             Necr           6%           45%         4
 Cause Fear               Hex            6%           45%         4
 Dispel Undead            Necr           12%          45%         4
 Leda's Liquefaction      Hex/Erth       6%           45%         4
 Petrify                  Tmut/Erth      12%          45%         4
 Borgnjor's Vile Clutch   Necr/Erth      6%           82%         5
 Excruciating Wounds      Necr           6%           82%         5
 Death Channel            Necr           6%           100%        6


Dungeon Overview and Level Annotations

Branches:
Dungeon (15/15)            Temple (0/1) D:7            Lair (6/6) D:11
  Swamp (1/4) Lair:3       Spider (1/4) Lair:3        Slime (0/5) Lair:5
    Orc (2/2) D:9             Elf (1/3) Orc:2        Vaults (0/5) D:13
 Depths (0/5) D:15         Bailey (visited)           IceCv (visited)
Gauntlet (visited)

Altars:
Ashenzari
Cheibriados
Dithmenos
Fedhas
Kikubaaqudgha
Makhleb
Nemelex Xobeh
Okawaru
Qazlal
Trog
Uskayaw
Vehumet
Wu Jian
Xom
Zin
The Shining One
Beogh
Jiyva

Shops:
D:8 [   D:12 (   Orc:2 ?((*   Elf:1 [

Annotations:
D:8 3 runed translucent doors, Dirian's ghost, novice HOFi
Lair:5 2 transporters, FortyThree's ghost, journeyman DsGl
Swamp:1 1 runed translucent door


Innate Abilities, Weirdness & Mutations

You revert to your normal form in water.
You are very nimble and swift while swimming.
You are very stealthy in the water. (Stealth+)
You are frail. (-10% HP)
You are weak. (Str -2)


Message History

Found 23 gold pieces.
Found a runed translucent door.
An eleionoma comes into view.
As you read the scroll of teleportation, it crumbles to dust.
You feel strangely unstable.
The eleionoma shouts!
Something hits the plant!
The eleionoma melds with the trees.
The spriggan druid hits the plant with a +0 quarterstaff!
You hear a shout!
Your icy armour will break if you move.
Continue?
Okay, then.
Blink to where?
Press: ? - help, Dir - move target Floosh!
As you read the scroll of blinking, it crumbles to dust.
A bog body and an eleionoma come into view.
The eleionoma shouts!
You hear a shout!
The spriggan rider hits the plant with a +0 spear!!
The bog body casts a spell at you. The bolt of cold hits you!!
You die...

..≈≈≈≈≈≈≈≈.♣♣
..≈≈≈≈≈≈≈≈≈≈♣ .≈.. ≈≈
.≈≈≈≈≈≈≈≈≈≈≈♣ ... >.≈
♣.≈≈≈≈.≈≈§≈.♣ ..♣.§≈.
♣≈.≈≈......♣ ♣♣..♣....
♣♣...≈..≈.♣♣♣♣R≈n..≈..
♣≈≈....R≈≈.♣♣.....≈≈≈.
...$≈≈.§≈≈.....○.§§≈..
♣≈...≈≈..≈≈≈.≈≈≈@..≈≈≈.♣
♣.≈≈≈≈...≈§w..≈.♣♣♣..♣♣♣
☼○.≈≈≈≈♣♣♣≈...... .♣
°○°≈≈≈♣♣♣≈.......
○°.≈Z(≈♣≈♣♣#8...8
!....○...♣)♣##+##
t≈≈≈..≈.≈♣ ♣Pi♣..
...°.°...♣♣wi♣♣.
.≈≈Y○..≈.§♣


You could see 2 eleionomae, 2 tyrant leeches, a spriggan rider, a spriggan druid
and a bog body.

Vanquished Creatures
  Rupert (Lair:5)
  A fire giant (D:15)
  2 orc warlords
  An emperor scorpion (Lair:3)
  A minotaur (Gauntlet)
  A deep elf death mage (Elf:1)
  A fire dragon (Lair:4)
  Erolcha (D:9)
  A vault guard (D:13)
  Harold (D:8)
  9 hydras
  An ice dragon (D:15)
  5 boulder beetles
  2 dancing weapons (Elf:1)
  A death knight (D:14)
  6 centaur warriors
  4 two-headed ogres
  5 death yaks (Lair:4)
  A deep troll earth mage (D:15)
  Urug (Lair:1)
  9 orc high priests
  Nergalle (Lair:4)
  An unseen horror (D:15)
  A fire crab (Gauntlet)
  3 large abominations (Elf:1)
  An orc knight (Orc:1)
  2 deep elf archers
  Pikel (D:4)
  3 oklob plants (Lair:5)
  2 necromancers
  An orc sorcerer (Orc:2)
  5 deep elf magi
  A wolf spider (Spider:1)
  8 ugly things
  A manticore (D:13)
  4 cyclopes
  2 elephants (Lair:3)
  A centaur zombie (D:13)
  A black mamba (Lair:5)
  A torpor snail (Lair:5)
  7 cane toads
  An ice statue (Lair:6)
  A gargoyle (D:15)
  3 centaur skeletons
  3 kobold demonologists
  4 komodo dragons
  10 rime drakes
  2 freezing wraiths
  An efreet (D:10)
  8 ice devils (IceCv)
  8 polar bears
  6 jumping spiders
  8 trolls
  Prince Ribbit (D:9)
  3 hornets (Lair:6)
  3 dream sheep
  6 blink frogs
  A meliai zombie (D:12)
  3 slime creatures
  15 flying skulls (Gauntlet)
  23 yaks
  2 wyverns
  A shadow (D:14)
  A wraith (D:14)
  11 spriggans (Lair:6)
  2 tarantellas
  A redback (Spider:1)
  3 fire bats (Gauntlet)
  A basilisk (D:10)
  6 vampire mosquitoes
  4 steam dragons (Lair:4)
  7 wargs
  A soldier ant (D:10)
  A swamp worm (Swamp:1)
  9 water moccasins
  2 nameless horrors
  5 ice beasts
  A swamp drake (D:11)
  22 orc warriors
  2 black bears
  4 necrophages
  13 ogres
  A sky beast (D:6)
  5 boggarts (Lair:6)
  An eye of draining (D:12)
  3 phantoms (D:9)
  22 wolves
  18 centaurs
  2 lemures (D:4)
  4 elf zombies (Elf:1)
  3 big kobolds
  Blork the orc (D:11)
  28 bullfrogs
  2 gnoll sergeants
  An earth elemental (Elf:1)
  A wyvern zombie (D:13)
  A wyvern skeleton (D:13)
  4 scorpions
  2 hornet simulacra
  8 wights
  19 killer bees
  A howler monkey (D:4)
  2 jellies
  2 bullfrog zombies
  A crimson imp (D:11)
  A draconian simulacrum (IceCv)
  9 hounds
  A quasit (D:12)
  31 orc priests
  A bullfrog skeleton (D:5)
  An iron imp (D:11)
  2 hell rats (Lair:5)
  7 iguanas
  18 orc wizards
  2 troll simulacra (IceCv)
  13 worker ants
  A spriggan simulacrum (IceCv)
  A killer bee zombie (D:5)
  A hound zombie (D:6)
  A hound skeleton (D:7)
  12 gnolls
  9 adders
  An ogre simulacrum (IceCv)
  A shadow imp (D:11)
  8 white imps
  2 oozes
  An adder skeleton (D:7)
  An adder zombie (D:7)
  5 worms
  2 dart slugs
  10 leopard geckos
  96 orcs
  13 giant cockroaches
  17 goblins
  11 hobgoblins
  7 quokkas
  A ball python (D:4)
  7 bats
  5 frilled lizards
  A jackal skeleton (D:4)
  21 kobolds
  2 quokka zombies
  7 rats
  A bush (Lair:3)
774 creatures vanquished.

Vanquished Creatures (collateral kills)
  A stone giant (Orc:2)
  Nessos (Lair:4)
  An ogre mage (D:10)
  A boulder beetle (Lair:6)
  6 hydras
  A two-headed ogre (D:11)
  A death yak (Lair:4)
  A skeletal warrior (D:15)
  An elephant (Lair:3)
  A wolf spider (Spider:1)
  A cyclops (D:15)
  3 cane toads
  4 rime drakes
  A kobold demonologist (D:10)
  A komodo dragon (Lair:1)
  2 polar bears
  2 trolls
  3 blink frogs
  2 dream sheep (Lair:5)
  A redback (Lair:3)
  A centaur simulacrum (D:13)
  A spriggan (Lair:6)
  A water elemental (Elf:1)
  2 wraiths (D:10)
  2 yaks
  2 basilisks
  3 fire bats (Gauntlet)
  4 steam dragons (Lair:4)
  A vampire mosquito (D:12)
  A swamp worm (Swamp:1)
  4 water moccasins
  A hell hound (Gauntlet)
  A soldier ant (D:13)
  An eye of draining (D:10)
  An orc warrior (Bailey)
  A black bear (Lair:6)
  A phantom (D:8)
  A sky beast (D:10)
  2 necrophages
  2 ice beasts
  3 wolves (Lair:5)
  2 ogres (D:9)
  3 nameless horrors
  5 bullfrogs
  An elf zombie (Elf:1)
  4 wights
  2 bullfrog zombies
  A quasit (D:8)
  A hound (D:14)
  2 orc priests
  An orc wizard (D:11)
  A centaur skeleton (D:8)
  2 worker ants
  2 hell rats (Lair:5)
  2 troll simulacra (IceCv)
  A spriggan simulacrum (IceCv)
  2 naga simulacra (IceCv)
  A shadow imp (D:7)
  A white imp (D:9)
  An adder zombie (D:7)
  3 orcs
  9 kobolds
118 creatures vanquished.

Vanquished Creatures (others)
  2 orc warriors
  An orc priest (D:11)
  3 orc wizards (D:11)
  An orc (D:11)
  61 fungi
  80 plants
148 creatures vanquished.

Grand Total: 1040 creatures vanquished

Notes
Turn   | Place    | Note
-------+----------+-------------------------------------------
     0 | D:1      | night the Merfolk Ice Elementalist began the quest for the
                  | Orb.
     0 | D:1      | Reached XP level 1. HP: 13/13 MP: 3/3
   306 | D:1      | Reached XP level 2. HP: 19/19 MP: 1/5
   755 | D:1      | Reached XP level 3. HP: 24/24 MP: 6/6
   759 | D:1      | Learned a level 3 spell: Frozen Ramparts
   763 | D:1      | Learned a level 3 spell: Ozocubu's Armour
   990 | D:1      | Reached skill level 5 in Ice Magic
  1599 | D:2      | Found a stormy altar of Qazlal.
  1665 | D:2      | Found a radiant altar of Vehumet.
  1666 | D:2      | Found an iron altar of Okawaru.
  1850 | D:2      | Reached XP level 4. HP: 30/30 MP: 8/8
  1944 | D:2      | Noticed an orc warrior
  1955 | D:2      | Killed an orc warrior
  1956 | D:2      | Reached XP level 5. HP: 16/35 MP: 1/10
  2287 | D:2      | Reached skill level 6 in Ice Magic
  2709 | D:3      | You fall into a shaft and drop 3 floors!
  2863 | D:6      | Reached XP level 6. HP: 41/41 MP: 12/12
  2868 | D:6      | Learned a level 4 spell: Summon Ice Beast
  3099 | D:6      | Noticed a sky beast
  3111 | D:6      | Killed a sky beast
  3252 | D:6      | Reached skill level 7 in Ice Magic
  3252 | D:6      | Reached XP level 7. HP: 46/46 MP: 9/14
  3319 | D:6      | Noticed a nameless horror
  3406 | D:6      | Killed a nameless horror
  3590 | D:6      | Reached skill level 5 in Spellcasting
  3769 | D:5      | Entered Level 5 of the Dungeon
  3826 | D:5      | Reached skill level 1 in Fighting
  3826 | D:5      | Reached skill level 1 in Polearms
  4126 | D:4      | Found a blossoming altar of Fedhas.
  4132 | D:3      | Found a sparkling altar of Nemelex Xobeh.
  4318 | D:2      | Became a worshipper of Vehumet
  4341 | D:3      | Found an ancient bone altar of Kikubaaqudgha.
  4527 | D:3      | You fall into a shaft and drop 2 floors!
  4566 | D:4      | Reached XP level 8. HP: 54/54 MP: 16/16
  4638 | D:3      | Found a glowing golden altar of the Shining One.
  4689 | D:3      | Found an ornate altar of the Wu Jian Council.
  5211 | D:4      | Got an ancient scimitar
  5211 | D:4      | Identified the +3 scimitar of Strategic Superiority
                  | {vorpal, Will- Str+4 Int+4} (You found it on level 4 of the
                  | Dungeon)
  5227 | D:4      | Noticed Pikel
  5233 | D:4      | Reached skill level 1 in Shields
  5233 | D:4      | Reached skill level 8 in Ice Magic
  5239 | D:4      | Killed Pikel
  5273 | D:4      | Reached * piety under Vehumet
  5273 | D:4      | Offered knowledge of Foxfire by Vehumet.
  5378 | D:4      | Found a shadowy altar of Dithmenos.
  6008 | D:5      | Found a bloodstained altar of Trog.
  6051 | D:5      | Found a broken altar of Ashenzari.
  6058 | D:5      | Found a hide-covered altar of Uskayaw.
  6998 | D:6      | Reached XP level 9. HP: 49/64 MP: 2/18
  7334 | D:5      | Learned a level 4 spell: Hailstorm
  7346 | D:5      | Noticed a nameless horror
  7701 | D:5      | Noticed a nameless horror
  7868 | D:5      | Killed a nameless horror
  8147 | D:6      | Found a shimmering altar of Xom.
  9231 | D:7      | Reached skill level 5 in Polearms
  9307 | D:7      | Reached skill level 1 in Summonings
  9867 | D:7      | Found a staircase to the Ecumenical Temple.
  9991 | D:7      | Found a burning altar of Makhleb.
 10001 | D:7      | Reached ** piety under Vehumet
 10002 | D:7      | Reached skill level 9 in Ice Magic
 10168 | D:7      | Found a glowing silver altar of Zin.
 10605 | D:8      | Offered knowledge of Shock by Vehumet.
 10803 | D:8      | Reached skill level 5 in Fighting
 10859 | D:8      | Found a runed translucent gate.
 10859 | D:8      | Found a runed translucent gate.
 10859 | D:8      | Found a runed translucent gate.
 10860 | D:8      | Noticed Dirian's ghost (novice HOFi)
 10894 | D:8      | Noticed Harold
 10925 | D:8      | Killed Harold
 10926 | D:8      | Reached XP level 10. HP: 35/74 MP: 1/20
 11141 | D:8      | Found a snail-covered altar of Cheibriados.
 11141 | D:8      | Found Cheibriados's Comfort Zone.
 11756 | D:9      | Offered knowledge of Static Discharge by Vehumet.
 12193 | D:9      | Reached *** piety under Vehumet
 12194 | D:9      | Reached skill level 10 in Ice Magic
 12265 | D:9      | Offered knowledge of Sticky Flame by Vehumet.
 12288 | D:9      | Found a roughly hewn altar of Beogh.
 12426 | D:9      | Found a staircase to the Orcish Mines.
 12456 | D:9      | Noticed Erolcha
 12470 | D:9      | Killed Erolcha
 12749 | D:9      | Noticed Prince Ribbit
 12764 | D:9      | Killed Prince Ribbit
 13007 | D:9      | Reached XP level 11. HP: 84/84 MP: 12/23
 13153 | D:9      | Reached **** piety under Vehumet
 13311 | D:10     | Entered Level 10 of the Dungeon
 13311 | D:10     | Found a flagged portal.
 13316 | Bailey   | Entered a bailey
 13321 | Bailey   | Noticed an orc warlord
 13561 | Bailey   | Found a runed translucent gate.
 13562 | Bailey   | Found a runed translucent gate.
 13574 | Bailey   | Found a runed translucent gate.
 13589 | Bailey   | Offered knowledge of Iskenderun's Mystic Blast by Vehumet.
 13623 | Bailey   | Learned a level 4 spell: Iskenderun's Mystic Blast
 13886 | Bailey   | Killed an orc warlord
 13887 | Bailey   | Reached skill level 10 in Polearms
 13945 | Bailey   | Identified a scroll of acquirement
 14165 | D:10     | Noticed an ogre mage
 14187 | D:10     | Killed an ogre mage
 14188 | D:10     | Reached skill level 11 in Ice Magic
 14268 | D:10     | Reached skill level 1 in Conjurations
 14800 | D:10     | Reached ***** piety under Vehumet
 14810 | D:10     | Offered knowledge of Freezing Cloud by Vehumet.
 15009 | D:10     | Noticed a two-headed ogre
 15022 | D:10     | Killed a two-headed ogre
 15539 | D:10     | Learned a level 6 spell: Freezing Cloud
 15594 | D:11     | Found a frozen archway.
 15623 | IceCv    | Entered an ice cave
 15934 | IceCv    | Reached skill level 1 in Air Magic
 16378 | IceCv    | Acquired 1079 gold pieces
 16688 | IceCv    | Reached XP level 12. HP: 94/94 MP: 16/25
 17190 | IceCv    | Got a twisted short sword
 17195 | IceCv    | Identified the +1 short sword "Teitruyff" {elec, *Contam
                  | *Slow +Blink Str+3} (You found it in an ice cave)
 17204 | IceCv    | Gained mutation: You are weak. (Str -2) [mutagenic glow]
 17662 | D:11     | Noticed a boulder beetle
 17677 | D:11     | Killed a boulder beetle
 17678 | D:11     | Reached skill level 5 in Conjurations
 17800 | D:11     | Noticed a two-headed ogre
 17809 | D:11     | Killed a two-headed ogre
 18104 | D:11     | Noticed Blork the orc
 18110 | D:11     | Killed Blork the orc
 18318 | D:11     | Reached skill level 10 in Spellcasting
 18318 | D:11     | Reached XP level 13. HP: 28/100 MP: 22/27
 18330 | D:11     | Offered knowledge of Iskenderun's Battlesphere by Vehumet.
 18810 | D:11     | Found a staircase to the Lair.
 19563 | Lair:1   | Entered Level 1 of the Lair of Beasts
 19583 | Lair:1   | Noticed Urug
 19613 | Lair:1   | Killed Urug
 19779 | Lair:1   | Got a shimmering platinum amulet
 20338 | Lair:1   | Identified the amulet "Diguem" {Acrobat +Blink rF+ rC-}
                  | (You found it on level 1 of the Lair of Beasts)
 22381 | Lair:3   | Reached skill level 12 in Ice Magic
 22383 | Lair:3   | Reached XP level 14. HP: 45/108 MP: 13/28
 22939 | Lair:3   | Found a staircase to the Swamp.
 23271 | Lair:3   | Found a hole to the Spider Nest.
 23276 | Lair:3   | Offered knowledge of Fireball by Vehumet.
 24899 | Lair:4   | Reached skill level 10 in Fighting
 25442 | Lair:4   | Noticed Nergalle
 25456 | Lair:4   | Killed Nergalle
 25595 | Lair:4   | Got a masterwork flail
 25595 | Lair:4   | Identified the +2 flail "Maib" {vorpal, *Noise rElec rPois
                  | rC-} (You found it on level 4 of the Lair of Beasts)
 25830 | Lair:4   | Noticed Nessos
 25843 | Lair:4   | Killed Nessos
 26308 | Lair:4   | Got an opalescent robe
 26318 | Lair:4   | Identified the +1 robe of the World {*Slow +Inv Regen+
                  | Str-5} (You found it on level 4 of the Lair of Beasts)
 26484 | Lair:4   | Got an ichor-stained morningstar
 26484 | Lair:4   | Identified the +9 morningstar "Goinlit" {elec, *Corrode
                  | +Blink +Inv rPois} (You found it on level 4 of the Lair of
                  | Beasts)
 28617 | Lair:5   | Noticed Rupert
 28636 | Lair:5   | Killed Rupert
 28998 | Lair:5   | Reached skill level 13 in Ice Magic
 29013 | Lair:5   | Found a transporter.
 29014 | Lair:5   | Identified the cursed +0 trident "Hudipexe" {antimagic,
                  | SInv}
 29016 | Lair:5   | Noticed FortyThree's ghost (journeyman DsGl)
 29017 | Lair:5   | Identified the +7 trident of Bread {vorpal, rPois Int+2
                  | Dex+4}
 29023 | Lair:5   | Found a bloodstained altar of Trog.
 29029 | Lair:5   | Found a transporter.
 29211 | Lair:5   | Got a transparent battleaxe
 29211 | Lair:5   | Identified the +6 battleaxe of Exoneration {pain, *Drain
                  | rElec MP+9 Str+4} (You found it on level 5 of the Lair of
                  | Beasts)
 29241 | Lair:5   | Reached XP level 15. HP: 92/95 MP: 30/30
 29446 | Lair:5   | Found a viscous altar of Jiyva.
 29447 | Lair:5   | Found a staircase to the Slime Pits.
 29595 | Lair:6   | Entered Level 6 of the Lair of Beasts
 30428 | Lair:6   | Reached skill level 10 in Conjurations
 30717 | Lair:6   | Paralysed by a hornet for 1 turns
 31992 | Lair:6   | Found an ancient bone altar of Kikubaaqudgha.
 32513 | D:12     | Reached ****** piety under Vehumet
 32513 | D:12     | Offered knowledge of Conjure Ball Lightning by Vehumet.
 32844 | D:12     | Found Byomi's Weapon Shoppe.
 32916 | D:12     | Found a gate leading to a gauntlet.
 32923 | Gauntlet | Entered a Gauntlet
 32923 | Gauntlet | Found a transporter.
 32927 | Gauntlet | Found a transporter.
 32932 | Gauntlet | Found a transporter.
 32933 | Gauntlet | Found a transporter.
 32935 | Gauntlet | Found a transporter.
 32936 | Gauntlet | Found a transporter.
 32942 | Gauntlet | Found a transporter.
 32944 | Gauntlet | Found a transporter.
 32963 | Gauntlet | Found a transporter.
 32971 | Gauntlet | Found a transporter.
 32971 | Gauntlet | Found a transporter.
 32973 | Gauntlet | Found a runed translucent gate.
 32973 | Gauntlet | Found a runed translucent gate.
 32979 | Gauntlet | Found a transporter.
 32985 | Gauntlet | Found a runed translucent gate.
 33206 | Gauntlet | Got a pair of warped gloves
 33211 | Gauntlet | Identified the +3 pair of gloves "Caidoah" {rElec} (You
                  | found it in a Gauntlet)
 33415 | Gauntlet | Identified the ring "Noimiv" {rF+ Will+ Str+7}
 34665 | D:12     | Offered knowledge of Lightning Bolt by Vehumet.
 35588 | D:13     | Found a gate to the Vaults.
 35801 | D:13     | Reached skill level 14 in Ice Magic
 36681 | D:14     | Reached XP level 16. HP: 84/128 MP: 14/32
 36689 | D:14     | Offered knowledge of Irradiate by Vehumet.
 37120 | D:14     | Found a broken altar of Ashenzari.
 37927 | D:15     | Entered Level 15 of the Dungeon
 38387 | D:15     | Found a glowing golden altar of the Shining One.
 38752 | D:15     | Found a staircase to the Depths.
 40352 | D:15     | Identified the Volume of Conjuration
 40877 | Orc:1    | Entered Level 1 of the Orcish Mines
 41747 | Orc:2    | Entered Level 2 of the Orcish Mines
 41748 | Orc:2    | Offered knowledge of Eringya's Noxious Bog by Vehumet.
 41883 | Orc:2    | Found a roughly hewn altar of Beogh.
 42121 | Orc:2    | Found a staircase to the Elven Halls.
 42827 | Orc:2    | Found Emegaq's General Store.
 42827 | Orc:2    | Found Emoinosm's Weapon Shop.
 43361 | Orc:2    | Found a roughly hewn altar of Beogh.
 43376 | Orc:2    | Found Poula's Antique Weapon Shoppe.
 43376 | Orc:2    | Found Bafosyesiu's Magic Scroll Shop.
 43383 | Orc:2    | Bought a scroll of blinking for 105 gold pieces
 43383 | Orc:2    | Bought a scroll of teleportation for 42 gold pieces
 43392 | Orc:2    | Bought a faintly glowing spear for 208 gold pieces
 43392 | Orc:2    | Bought a crystal broad axe for 234 gold pieces
 43395 | Orc:2    | Identified the +4 broad axe "Waycaw" {speed, *Contam Str+4
                  | Int+2} (You bought it in a shop on level 2 of the Orcish
                  | Mines)
 43399 | Orc:2    | Identified the +12 spear "Hydraslayer" {antimagic, +Inv}
                  | (You bought it in a shop on level 2 of the Orcish Mines)
 44511 | Elf:1    | Entered Level 1 of the Elven Halls
 44744 | Elf:1    | Reached skill level 15 in Ice Magic
 44788 | Elf:1    | Identified the Disquisition on Black Rituals
 45933 | Elf:1    | Found Nafarph's Armour Shoppe.
 46334 | Spider:1 | Entered Level 1 of the Spider Nest
 48105 | Lair:5   | Gained mutation: You are frail. (-10% HP) [mutagenic glow]
 48184 | Swamp:1  | Entered Level 1 of the Swamp
 48199 | Swamp:1  | Found a runed translucent door.
 48201 | Swamp:1  | Killed from afar by a bog body

Illustrated notes

Levels and vault maps discovered:
D:1:      roderic_chinese_lattice_arrival, layout_basic, serial_forest,
          infiniplex_forest_end_2, infiniplex_forest_lined_1,
          infiniplex_forest_split, infiniplex_forest_pool,
          infiniplex_forest_lined_room_2, infiniplex_forest_straight_2,
          infiniplex_forest_3_way
D:2:      layout_loops_cross, lemuel_crystal_altar,
          nicolae_overflow_hidden_temple, chequers_serial_rivers_micro_c
D:3:      layout_basic, old_standard_altar, nicolae_overflow_crystal_walls,
          nemelex_xobeh_ov_fountains_minmay, nzn_wu_jian_council_hall
D:4:      layout_loops_ring, kennysheep_mini, fedhas_bush_and_centaur_altar,
          uniq_pikel
D:5:      layout_loops_corners, lemuel_crystal_altar, basic_altar, trog_book
D:6:      layout_basic, serial_aquarium, aquarium_bridge_straight
          [aquarium_subvault_bridge, aquarium_subvault_wall,
          aquarium_subvault_bridge, aquarium_subvault_window],
          aquarium_bridge_square [aquarium_subvault_bridge,
          aquarium_subvault_bridge, aquarium_subvault_wall,
          aquarium_subvault_bridge], aquarium_window_corner, aquarium_window_2,
          aquarium_view_2c, aquarium_view_2b, tgw_xom
D:7:      minmay_polygon_palace, layout_basic, makhleb_blood_cavern_becter,
          lemuel_coloured_pillars_altar, minmay_temple_entry_wispy, minivault_11
D:8:      layout_gridville, ebering_ghost_rock_garden, minmay_shop_chei,
          uniq_harold
D:9:      layout_loops_cross, david_orc_5, uniq_erolcha, uniq_prince_ribbit1
D:10:     minmay_clustersquares, layout_irregular_city, enter_bailey_2,
          st_stairs_2, minmay_radiant
D:11:     layout_stronghold, erik_lair_orcish_takeover, portal_ice_cave_rime,
          nrook_mini_vaults, hangedman_minor_magic
D:12:     layout_small_grid, serial_shops, shop_fountains,
          gauntlet_entry_generic
D:13:     layout_irregular_city, david_vaults_5
D:14:     layout_long_grid, evilmike_ruin_ashenzari
D:15:     grunt_enter_depths_giant_problem, layout_gridville,
          nicolae_tso_carved_into_rock, minmay_evil_grid
Lair:1:   layout_long_grid, grunt_megastairs_4, serial_bayou_shore_a, uniq_urug
Lair:2:   layout_layer_cave
Lair:3:   layout_layer_cave, swamp_mist_pool, nicolae_spider_entry_tight_spaces,
          infiniplex_staircase_pool_2
Lair:4:   layout_regular_city, bobbens_dragon_lair_wall, uniq_nergalle,
          uniq_nessos
Lair:5:   layout_gridlike, dpeg_slime_entry_enclosed_altar,
          gammafunk_ghost_wrathful_warriors, minmay_lair_oklob_chamber,
          uniq_rupert
Lair:6:   minmay_lair_end_enchanted_forest, layout_long_grid, basic_altar,
          ice2_lemuel, grunt_megastairs_5, lemuel_fruit_fields
Swamp:1:  layout_basic_swamp, ebering_ghost_funeral_grove,
          infiniplex_staircase_pool
Spider:1: layout_spider_delve, drop_trap, nicolae_crawler_farm
Orc:1:    layout_caves, nicolae_orc_stony_grotto
Orc:2:    st_orc_town, layout_caves, basic_altar
Elf:1:    layout_loops_corners, serial_shops, shop, minmay_elf_necromancy,
          minivault_23, roderic_roman_lattice

Skill      XL: |  1  2  3  4  5  6  7  8  9 10 11 12 13 14 15 16 |
---------------+-------------------------------------------------+-----
Ice Magic      | 5 6 7 8 9 10 11 12 13 14 15 | 15.1
Spellcasting   | 3 4 5 6 7 8 9 10 11 12 13 | 13.5
Fighting       | 1 3 5 7 8 9 10 12 13 | 13.5
Polearms       | 2 4 7 9 11 12 13 14 | 14.0
Shields        | 3 4 |  4.0
Summonings     | 2 |  2.0
Conjurations   | 3 8 9 10 11 | 11.6
Air Magic      | 1 2 |  2.0
Maces & Flails | |  0.2
Dodging        | |  2.6
Stealth        | |  2.1

Action                   |  1- 3 |  4- 6 |  7- 9 | 10-12 | 13-15 | 16-18 || total
-------------------------+-------+-------+-------+-------+-------+-------++-------
Melee: Dagger            |     2 |       |       |       |       |       ||     2
       Spear             |    59 |    53 |   514 |   569 |    34 |       ||  1229
       Trident           |       |       |       |   290 |  1224 |   624 ||  2138
       Scimitar          |       |       |       |    18 |       |       ||    18
       Staff             |       |       |       |       |       |    17 ||    17
       Tailslap          |       |       |       |       |       |     6 ||     6
       Morningstar       |       |       |       |       |       |     5 ||     5
Throw: Dart              |     3 |     4 |       |     5 |     6 |       ||    18
       Boomerang         |       |       |       |       |    29 |     8 ||    37
 Cast: Freeze            |    10 |     6 |    13 |     4 |    40 |    20 ||    93
       Frozen Ramparts   |     4 |     9 |    28 |    42 |     5 |     1 ||    89
       Summon Ice Beast  |       |     1 |    38 |   115 |   127 |    52 ||   333
       Ozocubu's Armour  |       |       |     7 |     4 |    48 |    25 ||    84
       Hailstorm         |       |       |     2 |     1 |     3 |       ||     6
       Iskenderun's Myst |       |       |       |    13 |    34 |    26 ||    73
       Freezing Cloud    |       |       |       |     7 |   101 |    70 ||   178
Evoke: Wand              |       |     1 |     8 |    12 |    26 |    11 ||    58
       Phantom mirror    |       |       |       |       |     3 |     1 ||     4
       Box of beasts     |       |       |       |       |     1 |       ||     1
  Use: Scroll            |       |     7 |    10 |    12 |    17 |     8 ||    54
       Potion            |       |       |       |     4 |    16 |     4 ||    24
 Stab: Sleeping          |    10 |     6 |     4 |     9 |     5 |     2 ||    36
       Paralysed         |       |     4 |       |       |       |       ||     4
       Distracted        |       |     1 |     3 |     6 |     6 |     2 ||    18
       Invisible         |       |       |       |       |     3 |       ||     3
Armor: Robe              |     9 |     9 |   127 |   166 |   168 |       ||   479
       Steam dragon scal |       |       |       |       |   355 |   219 ||   574
Dodge: Dodged            |    26 |    24 |   226 |   289 |   577 |   233 ||  1375
Block: Buckler           |       |       |    62 |   100 |   203 |   102 ||   467
       Rpst.: Scimitar   |       |       |       |     7 |       |       ||     7
